 Dungeon Crawl Stone Soup version 0.31-a0-202-g547052bce9 (webtiles) character file.

Game seed: 7404255663731050507

53 qw the Shooter (level 3, 0/20 HPs)
             Began as a Deep Elf Hunter on June 26, 2023.
             Slain by a gnoll
             ... wielding a +0 spear
              (4 damage)
             ... on level 3 of the Dungeon.
             The game lasted 00:00:30 (1570 turns).

qw the Shooter (Deep Elf Hunter)                    Turns: 1570, Time: 00:00:30

Health: 0/20       AC:  7    Str: 10    XL:     3   Next: 64%
Magic:  5/5        EV: 12    Int: 13    God:
Gold:   81         SH:  0    Dex: 18    Spells: 2/2 levels left

rFire   + . .        Y - +0 shortbow
rCold   . . .        (shield currently unavailable)
rNeg    . . .        c - +0 leather armour
rPois   .            (no helmet)
rElec   .            (no cloak)
rCorr   .            (no gloves)
SInv    .            (no boots)
Will    .....        (no amulet)
Stlth   ++           d - ring of protection from fire
HPRegen 0.23/turn    h - +4 ring of protection
MPRegen 0.09/turn

%: no passive effects
@: no status effects
A: no striking features
a: no special abilities


You were on level 3 of the Dungeon.
You visited 1 branch of the dungeon, and saw 3 of its levels.

You collected 81 gold pieces.


   Skills:
 - Level 1.5 Fighting
 + Level 7.1 Ranged Weapons
 - Level 2.4 Dodging
 - Level 1.2 Stealth


You had 2 spell levels left.
You didn't know any spells.
Your spell library was empty.

Inventory:

Hand Weapons
 Y - a +0 shortbow (weapon)
Armour
 c - a +0 leather armour (worn)
Jewellery
 a - a ring of fire
 d - a ring of protection from fire (left hand)
 h - a +4 ring of protection (right hand)
Scrolls
 b - a scroll of amnesia {unknown}
Potions
 e - a potion of attraction {unknown}
 g - a potion of brilliance {unknown}
 i - a potion of berserk rage {unknown}

Dungeon Overview and Level Annotations

Branches:
Dungeon (3/15)

Altars:
Kikubaaqudgha
Okawaru


Message History

The orc attacks as you move away! The orc hits you but does no damage.
You shoot an arrow. The arrow hits the orc.
The orc is moderately wounded.
You shoot an arrow.
The arrow hits the orc but does no damage.
The orc is moderately wounded.
The orc hits you but does no damage.
You shoot an arrow. The arrow closely misses the orc.
The orc hits you with a +0 club.
You shoot an arrow.
The arrow hits the orc but does no damage.
The orc is moderately wounded.
You hear a shout!
The orc barely misses you.
You shoot an arrow. The arrow hits the orc.
The orc is severely wounded.
The orc misses you. The gnoll hits you with a +0 club.
The gnoll hits you but does no damage.
You shoot an arrow. The arrow hits the orc.
You kill the orc!
The gnoll hits you from afar with a +0 spear.
The gnoll hits you but does no damage. The gnoll misses you.
A gnoll comes into view. It is wielding a +0 spear.
You shoot an arrow. The arrow hits the gnoll.
The gnoll is lightly wounded.
The orc barely misses you. The gnoll barely misses you. x2
The gnoll hits you but does no damage.
1567 ||| Stepping ~*~*~tactically~*~*~ (outnumbered).
The orc attacks as you move away! The orc hits you but does no damage.
You shoot an arrow. The arrow closely misses the orc.
The arrow hits the gnoll!
The gnoll is severely wounded.
The orc barely misses you. The gnoll hits you but does no damage.
You shoot an arrow.
The arrow hits the orc but does no damage.
The gnoll hits you from afar with a +0 spear.
The orc hits you with a +0 short sword.
You shoot an arrow. The arrow hits the orc!
You kill the orc!
The gnoll hits you from afar with a +0 spear.
You die...

#... .. #.... . ..... .
.#....# .....###. ..._...
........# .....!.
........# .......
........# ..g}..$ #.....@#
.o.....
################)##.......
~#.#............gg.o.._...
~....###########.#g##.....
~%##..)...... #.#.# ...
~~#..#####... ..#.. #
~~#.## .#####. ~~..# #. ..
~~~## # ##


You could see 3 gnolls.

Vanquished Creatures
  A worm (D:2)
  6 dart slugs
  3 orcs (D:3)
  3 ball pythons
  5 endoplasms (D:1)
  3 giant cockroaches (D:1)
  2 goblins (D:3)
  3 hobgoblins
  3 quokkas
  A bat (D:1)
  A frilled lizard (D:2)
  A kobold (D:1)
  A rat (D:1)
33 creatures vanquished.

Notes
Turn   | Place    | Note
-------+----------+-------------------------------------------
     0 | D:1      | qw the Deep Elf Hunter began the quest for the Orb.
     0 | D:1      | Reached XP level 1. HP: 12/12 MP: 3/3
     0 | D:1      | 0 ||| qw: Version: 0.3-a-22-g0ed2b0b
     0 | D:1      | 0 ||| qw: Game counter: 5854
     0 | D:1      | 0 ||| qw: Melee chars always use a shield: true
     0 | D:1      | 0 ||| qw: God list: Okawaru
     0 | D:1      | 0 ||| qw: Allow faded altars: false
     0 | D:1      | 0 ||| qw: Do Orc after clearing Dungeon:15 true
     0 | D:1      | 0 ||| qw: Do second Lair branch before Depths: true
     0 | D:1      | 0 ||| qw: Lair rune preference: random
     0 | D:1      | 0 ||| qw: Goals: Normal
     0 | D:1      | 0 ||| PLANNING D:1-11
   242 | D:1      | Reached XP level 2. HP: 16/16 MP: 4/4
   244 | D:1      | Reached skill level 6 in Ranged Weapons
   686 | D:1      | 686 ||| DROPPING ring of magical power.
   687 | D:1      | 687 ||| READING scroll labelled BAMEZO AGAKHUZ.
   688 | D:1      | 688 ||| READING scroll labelled BEYFUR VATY.
   689 | D:1      | 689 ||| DROPPING scroll of butterflies.
   723 | D:2      | Reached XP level 3. HP: 20/20 MP: 5/5
  1424 | D:2      | 1424 ||| DROPPING ring of wizardry.
  1425 | D:2      | 1425 ||| UPGRADING to ring of protection from fire.
  1426 | D:2      | 1426 ||| UPGRADING to +4 ring of protection.
  1427 | D:2      | 1427 ||| READING scroll labelled IDDOOKKU ZITARER.
  1428 | D:2      | 1428 ||| READING scroll labelled ZEUXYTSIUCE.
  1466 | D:3      | 1466 ||| STAIRDANCE
  1513 | D:3      | 1513 ||| Stepping ~*~*~tactically~*~*~ (outnumbered).
  1515 | D:3      | 1515 ||| Stepping ~*~*~tactically~*~*~ (outnumbered).
  1519 | D:3      | Reached skill level 7 in Ranged Weapons
  1547 | D:3      | Found an ancient bone altar of Kikubaaqudgha.
  1551 | D:3      | Found an iron altar of Okawaru.
  1552 | D:3      | 1552 ||| PLANNING OKAWARU WORSHIP
  1558 | D:3      | 1558 ||| Stepping ~*~*~tactically~*~*~ (outnumbered).
  1559 | D:3      | 1559 ||| Stepping ~*~*~tactically~*~*~ (outnumbered).
  1567 | D:3      | 1567 ||| Stepping ~*~*~tactically~*~*~ (outnumbered).
  1569 | D:3      | HP: 4/20 [orc/+0 short sword (3)]
  1570 | D:3      | Slain by a gnoll

Levels and vault maps discovered:
D:1:      minmay_arrival_checkered_box, layout_loops_ring, st_stairs_3
D:2:      layout_basic, item_on_display_a
D:3:      kennysheep_slugbush, layout_basic, grunt_temple_overflow_open,
          mainiacjoe_overflow_paths, gammafunk_ghost_stat_death,
          hangedman_decor_growths, grunt_ministairs_9, uniq_sigmund

Skill      XL: |  1  2  3 |
---------------+----------+-----
Ranged Weapons | 6 7 |  7.1
Fighting       | |  1.5
Dodging        | |  2.4
Stealth        | |  1.2

Action                     || total
---------------------------++-------
   Fire: Shortbow          ||   100
    Use: Scroll            ||     4
 Armour: Leather armour    ||    13
  Dodge: Dodged            ||    22

Table legend:
 A = Non-vault XP
 B = Vault XP
 C = Vault XP percentage of total XP
 D = Non-vault monster count
 E = Vault monster count
 F = Vault count percentage of total count
                 A         B        C        D         E       F
            +---------+---------+-------+---------+---------+-------
      Total |      58 |      22 |  27.5 |      25 |       8 |  24.2
            +---------+---------+-------+---------+---------+-------
        D:1 |      32 |       7 |  17.9 |      16 |       3 |  15.8
        D:2 |      13 |       3 |  18.8 |       4 |       2 |  33.3
        D:3 |      13 |      12 |  48.0 |       5 |       3 |  37.5
            +---------+---------+-------+---------+---------+-------
